[Event "Kragero Resort B 2020"]
[Site "Kragero"]
[Date "2020.02.22"]
[Round "7.1"]
[White "Leonhardsen, Vebjorn Maanum"]
[Black "Halvorsen, Benjamin"]
[Result "0-1"]
[ECO "A85"]
[WhiteElo "1845"]
[BlackElo "1861"]
[Annotator "NA"]
[PlyCount "110"]
[EventDate "2020.02.19"]
[EventType "swiss"]
[EventCountry "NOR"]
[SourceTitle "playchess.com"]
[Source "ChessBase"]
[SourceQuality "1"]
[TimeControl "5400+30"]

1. d4 f5 2. Nf3 g6 3. c4 Nf6 4. Nc3 Bg7 5. Bg5 O-O 6. e3 d6 7. Be2 {[%emt 0:00:45] A85: Dutch Defence: 2 c4 Nf6 3 Nc3.} e6 8. O-O Qe8 {[%emt 0:00:58] [#]} 9. Bxf6 $146 ({Predecessor:} 9. Qb3 c6 10. Rac1 h6 11. Bf4 Ne4 12. h3 g5 13. Bh2 d5 14. Rfd1 Qf7 15. Ne5 Bxe5 16. Bxe5 {1-0 (29) Ohff,A-Patzer,S Neumuenster 1999}) 9... Bxf6 10. Qc2 e5 11. Nd5 Bd8 12. dxe5 dxe5 13. Rfd1 c6 14. Nc3 Bc7 15. b4 e4 16. Nd4 g5 17. Nb3 (17. c5 $11) 17... Rf6 18. g3 Nd7 19. Nd2 g4 20. Kg2 (20. c5 $17) 20... Rh6 21. Rh1 Qh5 22. Kg1 Ne5 23. h4 Be6 (23... Nf3+ $17 24. Kg2 Be6) 24. Kg2 Qf7 25. c5 Rd8 26. Rad1 Nd3 27. Rb1 Be5 $17 28. b5 Nxc5 29. bxc6 bxc6 30. Nb3 Bxb3 31. axb3 Nd3 32. Na4 Rhd6 33. Rhd1 Kg7 34. Nc5 Nb4 35. Qc4 Qxc4 36. bxc4 Rxd1 37. Bxd1 Kg6 38. Ba4 a5 39. Nb7 Rd2 40. Rd1 Rxd1 41. Bxd1 Bc7 42. Nc5 Kf6 43. Kf1 Ke5 44. Ke2 Kd6 45. Na4 Nd3 46. Bc2 Nc5 47. Kd2 Nxa4 48. Bxa4 Bb6 49. Kc3 Bc5 50. Kc2 Bb4 51. Kd1 Kc5 52. Ke2 Bc3 53. Kd1 Kb4 54. Bxc6 a4 55. Kc2 a3 0-1

[Event "Kragero Resort B 2020"]
[Site "Kragero"]
[Date "2020.02.22"]
[Round "7.2"]
[White "Westrum, Kim Roger Hansen"]
[Black "Seo, Jung Hyun"]
[Result "1/2-1/2"]
[ECO "B11"]
[WhiteElo "1809"]
[BlackElo "1816"]
[Annotator "NA"]
[PlyCount "54"]
[EventDate "2020.02.19"]
[EventType "swiss"]
[EventCountry "NOR"]
[SourceTitle "playchess.com"]
[Source "ChessBase"]
[SourceQuality "1"]
[TimeControl "5400+30"]

1. e4 c6 2. Nc3 d5 3. Nf3 Bg4 4. h3 Bxf3 5. Qxf3 e6 6. d4 dxe4 7. Qxe4 {[%emt 0:00:14] B11: Caro-Kann: Two Knights Variation.} Nf6 8. Qd3 Na6 9. a3 Nc7 10. g3 Qd7 11. Bg2 Be7 {[%emt 0:03:52] [#]} 12. b4 $146 ({Predecessor:} 12. O-O O-O 13. Ne2 Rad8 14. Bf4 Nfd5 15. Bd2 Bf6 16. Rad1 Nb6 17. Qb3 e5 18. dxe5 Bxe5 {½-½ (59) Miettinen,K (2451)-Procopi,J (2254) ICCF email 2016}) 12... a5 13. Rb1 (13. Na4 $11 Qd8 14. Nb6) 13... axb4 14. axb4 Ncd5 15. b5 Bb4 (15... Nb4 $5 16. Qe2 Qxd4 $15) 16. bxc6 bxc6 17. Bb2 O-O 18. O-O Bxc3 19. Bxc3 Ra3 20. Rb3 Rxb3 21. cxb3 Nxc3 22. Qxc3 Nd5 23. Qc5 Rb8 24. Rc1 Rxb3 25. Qxc6 Qxc6 26. Rxc6 $11 Rb1+ 27. Kh2 g6 1/2-1/2

[Event "Kragero Resort B 2020"]
[Site "Kragero"]
[Date "2020.02.22"]
[Round "7.3"]
[White "Austad, Eirik"]
[Black "Skogli, Paal"]
[Result "1-0"]
[ECO "A28"]
[WhiteElo "1796"]
[BlackElo "1801"]
[Annotator "NA"]
[PlyCount "63"]
[EventDate "2020.02.19"]
[EventType "swiss"]
[EventCountry "NOR"]
[SourceTitle "playchess.com"]
[Source "ChessBase"]
[SourceQuality "1"]
[TimeControl "5400+30"]

1. c4 e5 2. Nc3 Nf6 3. Nf3 Nc6 4. a3 d5 5. cxd5 Nxd5 6. Qc2 Nxc3 7. bxc3 Bc5 8. e3 Qe7 9. Bb5 Bd7 10. O-O Bd6 11. e4 O-O 12. d4 (12. d3 $11) 12... Bg4 (12... exd4 $15 13. Re1 dxc3) 13. Qd3 (13. Bxc6 $14 bxc6 14. Nxe5 Bxe5 15. dxe5) 13... Rad8 14. d5 Nb8 15. h3 Bh5 16. c4 $15 Nd7 17. Bxd7 Rxd7 18. g4 Bg6 19. Nd2 h5 20. Kg2 Bh7 21. Nb3 b6 22. f3 Rc8 23. Be3 c6 24. a4 cxd5 25. cxd5 Rdc7 26. Rfc1 Qd7 27. Rxc7 Rxc7 28. a5 hxg4 29. hxg4 b5 30. a6 Rc4 31. Na5 Bb4 32. Nxc4 1-0

[Event "Kragero Resort B 2020"]
[Site "Kragero"]
[Date "2020.02.22"]
[Round "7.4"]
[White "Bernstein, Jonas August"]
[Black "Rynning, Rune Kleiven"]
[Result "0-1"]
[ECO "D10"]
[WhiteElo "1798"]
[BlackElo "1625"]
[Annotator "NA"]
[PlyCount "60"]
[EventDate "2020.02.19"]
[EventType "swiss"]
[EventCountry "NOR"]
[SourceTitle "playchess.com"]
[Source "ChessBase"]
[SourceQuality "1"]
[TimeControl "5400+30"]

1. d4 d5 2. c4 c6 3. cxd5 cxd5 4. Bf4 Nf6 5. Nc3 a6 6. e3 Bf5 7. Qb3 Qd7 8. Na4 Qc6 9. e4 b5 10. Nc3 Bxe4 11. Rc1 Qe6 12. Nge2 Bd3 13. f3 g6 14. Be5 Bc4 15. Qd1 Bh6 16. Rc2 O-O 17. b3 Bxe2 18. Rxe2 Qd7 19. Kf2 Nc6 20. g4 Rfc8 21. h4 Nxe5 22. dxe5 Nxg4+ 23. fxg4 Rxc3 24. g5 Qf5+ 25. Ke1 Rac8 26. gxh6 Rc1 27. Bh3 Rxd1+ 28. Kxd1 Qb1+ 29. Kd2 Rc2+ 30. Kd3 Rc1+ 0-1

[Event "Kragero Resort B 2020"]
[Site "Kragero"]
[Date "2020.02.22"]
[Round "7.5"]
[White "Solaas, Timian Martinius Man"]
[Black "Aasen, Kjetil Myrlid"]
[Result "1-0"]
[ECO "B07"]
[WhiteElo "1741"]
[BlackElo "1892"]
[Annotator "NA"]
[PlyCount "63"]
[EventDate "2020.02.19"]
[EventType "swiss"]
[EventCountry "NOR"]
[SourceTitle "playchess.com"]
[Source "ChessBase"]
[SourceQuality "1"]
[TimeControl "5400+30"]

1. e4 d6 2. d4 Nf6 3. Bd3 e5 4. d5 c6 5. c4 Na6 6. Nc3 {[%emt 0:01:01] B07: Pirc Defence: Miscellaneous Systems.} Nc5 7. Nge2 Nxd3+ 8. Qxd3 {[%emt 0:02:26] [#]} a5 $146 ({Predecessor:} 8... Be7 9. Rb1 O-O 10. b4 cxd5 11. cxd5 Nh5 12. O-O f5 13. f3 f4 14. Bd2 Qb6+ {0-1 (39) Hertneck,G (2575)-Adams,M (2630) Munich 1993}) 9. O-O Be7 10. h3 O-O 11. f4 cxd5 12. cxd5 Nd7 13. Be3 exf4 14. Bxf4 Ne5 15. Bxe5 dxe5 16. Nb5 Qb6+ 17. Kh1 Bd7 18. Nec3 Bb4 19. a4 Rac8 20. Rac1 Rfd8 21. Rfd1 f6 22. Kh2 Be8 $11 23. Rc2 Rc5 24. Rdc1 Rdc8 25. b3 Kf8 26. d6 Bxb5 27. Nxb5 Rxc2 28. Rxc2 Rxc2 29. Qxc2 Bxd6 30. Qc8+ Kf7 31. Qxb7+ Bc7 32. Qxc7+ 1-0

[Event "Kragero Resort B 2020"]
[Site "Kragero"]
[Date "2020.02.22"]
[Round "7.6"]
[White "Hausken, Andreas Skrede"]
[Black "Myagmarsuren, Evsuld"]
[Result "1-0"]
[ECO "B52"]
[WhiteElo "1856"]
[BlackElo "1497"]
[Annotator "NA"]
[PlyCount "113"]
[EventDate "2020.02.19"]
[EventType "swiss"]
[EventCountry "NOR"]
[SourceTitle "playchess.com"]
[Source "ChessBase"]
[SourceQuality "1"]
[TimeControl "5400+30"]

1. e4 c5 2. Nf3 d6 3. Bb5+ Bd7 4. Bxd7+ Nxd7 5. O-O Ngf6 6. Qe2 Qc7 {[%emt 0:00:43] B52: Sicilian: Moscow Variation with 3...Bd7.} 7. Na3 a6 8. c3 e6 9. d4 Be7 10. Bf4 {[%emt 0:02:47] [#]} Rc8 $146 ({Predecessor:} 10... O-O 11. e5 Nd5 12. Bg3 cxd4 13. cxd4 b5 14. Rac1 Qb6 15. Nc2 dxe5 16. Nxe5 N7f6 {1-0 (55) Viktorsson,S-Magnusson,P (1983) Mosfellsbaer 2010}) 11. Rac1 O-O 12. Nc4 b5 13. Na3 h6 14. Rfd1 Rfd8 15. h3 Qb7 16. e5 dxe5 17. dxe5 Nd5 18. Bh2 Nf8 (18... c4 $17 19. Nc2 Nc5) 19. Qe4 Qa8 20. h4 ({White should try} 20. c4 $15 Nb4 21. Qe2) 20... Ng6 21. h5 Nf8 22. Nc2 Rd7 23. Qg4 Rcd8 24. c4 $2 {[%emt 0:01:30] [#]} (24. Rf1 $15) 24... bxc4 $2 (24... f5 $1 $19 25. exf6 Nxf6 {[%mdl 64] Discovered Attack} 26. Rxd7 Nxg4 27. Rxe7 Qe4) 25. Qxc4 Nb6 26. Qf1 Rxd1 27. Rxd1 Rxd1 28. Qxd1 Qd5 29. Qa1 Nh7 30. Ne3 Qd7 31. Qf1 Qb5 32. b3 Ng5 33. Nxg5 Bxg5 34. f4 Be7 35. Kf2 $15 Qxf1+ 36. Kxf1 g6 37. g4 g5 38. f5 Kf8 39. f6 Bd8 40. Bg1 Ke8 41. Ke2 Kd7 42. Kd3 Kc6 43. Ke4 Bc7 44. Bf2 Bd8 45. Nc4 Nxc4 46. bxc4 Kd7 47. Be3 Ke8 48. Bxg5 Kf8 49. Bxh6+ Kg8 50. Be3 Bb6 51. g5 Kh7 52. Kf4 Ba7 53. Ke4 Bb6 54. Kd3 Ba7 55. Kc2 Bb6 56. Kb3 Ba7 57. Ka4 1-0

[Event "Kragero Resort B 2020"]
[Site "Kragero"]
[Date "2020.02.22"]
[Round "7.7"]
[White "Sivertsen, Jarle"]
[Black "Skaslien, Ingrid"]
[Result "0-1"]
[ECO "C08"]
[WhiteElo "1606"]
[BlackElo "1847"]
[Annotator "NA"]
[PlyCount "82"]
[EventDate "2020.02.19"]
[EventType "swiss"]
[EventCountry "NOR"]
[SourceTitle "playchess.com"]
[Source "ChessBase"]
[SourceQuality "1"]
[TimeControl "5400+30"]

1. e4 e6 2. d4 d5 3. Nd2 a6 4. Ngf3 c5 5. exd5 exd5 6. dxc5 Bxc5 7. Nb3 Bb6 {[%emt 0:00:15] 7...Bb6 scores better than 7...Ba7.} 8. c3 {[%emt 0:05:16] C08: French Tarrasch: 3...c5 4 exd5 exd5 sidelines.} Nf6 9. Be2 O-O 10. O-O Ne4 11. Nfd4 Nc6 12. Be3 Re8 13. Qc2 Bd7 {[%emt 0:02:07] [#]} 14. Rfe1 $146 ({Predecessor:} 14. Rad1 Ne5 15. Nd2 Nxd2 16. Rxd2 Qf6 17. Qb3 Rad8 18. Nc2 Bxe3 19. Nxe3 Bc6 20. Rfd1 {0-1 (29) Polok,K (2136)-Kalvaitis,S (2252) Krakow 2011}) 14... Rc8 15. Bf1 ({Better is} 15. Nxc6 $14 Rxc6 16. Bxb6 Qxb6 17. Bd3) 15... Nxd4 16. Nxd4 Bc7 17. f3 Nf6 18. Bf2 Be5 19. Qb3 $11 Qc7 20. g3 Rcd8 21. Bg2 Bd6 22. Qc2 b5 23. Rac1 Qa5 24. Nb3 Qc7 25. Rxe8+ Rxe8 26. Qd3 Be6 27. Nd4 Bc5 28. a3 Qa7 29. Qd2 Nd7 30. h4 Ne5 31. h5 h6 32. Qc2 Qd7 33. Kh2 Bxd4 34. Bxd4 Bf5 35. Qb3 Nc4 36. a4 Re2 37. axb5 Bh3 38. Rg1 Nd2 39. Qd1 Nxf3+ 40. Kh1 Bxg2+ 41. Rxg2 Qh3+ 0-1

[Event "Kragero Resort B 2020"]
[Site "Kragero"]
[Date "2020.02.22"]
[Round "7.8"]
[White "Shehzad, Alisha"]
[Black "Strand, Amund Pihl"]
[Result "0-1"]
[ECO "B43"]
[WhiteElo "1705"]
[BlackElo "1806"]
[Annotator "NA"]
[PlyCount "108"]
[EventDate "2020.02.19"]
[EventType "swiss"]
[EventCountry "NOR"]
[SourceTitle "playchess.com"]
[Source "ChessBase"]
[SourceQuality "1"]
[TimeControl "5400+30"]

1. e4 c5 2. Nf3 e6 3. d4 cxd4 4. Nxd4 a6 5. g3 b5 6. Bg2 Bb7 7. a3 Nf6 8. Nc3 Qc7 9. O-O d6 10. Be3 {[%emt 0:02:43] B43: Sicilian: Kan Variation: 5 Nc3.} Be7 11. Qe2 O-O 12. Rad1 Nbd7 13. Nb3 Ne5 14. Bc1 Nc4 15. Rd3 Nd7 16. f4 {[%emt 0:04:09] [#]} Rfd8 $146 ({Predecessor:} 16... Bf6 17. Rfd1 Rfd8 18. Nd4 Nc5 19. Rf3 Qb6 20. Kh1 Nxe4 21. Nxe4 Bxd4 22. b3 d5 {0-1 (35) Sikora,J (2165)-Drogoon,A (2385) Pardubice 1996}) 17. Kh1 Bc6 18. Nd4 Bb7 19. b3 Ncb6 20. Bb2 Bf6 21. Ba1 Qc5 22. Rfd1 Qxa3 23. Qe1 $17 (23. e5 $11 {keeps the balance.} Bxg2+ 24. Kxg2 dxe5 25. Nc6 exf4 26. Nxd8 Rxd8 27. gxf4) 23... Qc5 24. g4 Be7 25. f5 e5 26. Nf3 b4 27. Na2 Nf6 28. Nd2 Nxg4 29. Rf3 a5 30. h3 Nf6 31. c4 a4 32. Nc1 axb3 33. Ncxb3 Qc6 34. Rg3 Na4 35. Qg1 Qb6 36. Qh2 Nc3 37. Bxc3 bxc3 38. Rxc3 Bc6 39. Rg1 Bf8 40. h4 Ra2 41. Qg3 Kh8 42. Bf3 Rda8 43. Qh3 Rb2 44. Bg2 Raa2 45. h5 h6 46. Rg3 Ba4 47. Bf1 Bxb3 48. Rxb3 Rxb3 49. Nxb3 Qf2 50. Bg2 Ra3 51. Rb1 Qc2 52. Ra1 Rxb3 53. Qh2 Rb1+ 54. Rxb1 Qxb1+ 0-1

[Event "Kragero Resort B 2020"]
[Site "Kragero"]
[Date "2020.02.22"]
[Round "7.9"]
[White "Haugen, Lars Tormod"]
[Black "Nordquelle, Amelia"]
[Result "0-1"]
[ECO "A11"]
[WhiteElo "1598"]
[BlackElo "1768"]
[Annotator "NA"]
[PlyCount "118"]
[EventDate "2020.02.19"]
[EventType "swiss"]
[EventCountry "NOR"]
[SourceTitle "playchess.com"]
[Source "ChessBase"]
[SourceQuality "1"]
[TimeControl "5400+30"]

1. c4 Nf6 2. Nc3 e6 3. e3 d5 4. Nf3 c6 5. Qc2 Bd6 6. b3 O-O 7. Bb2 a6 8. Rg1 e5 9. cxd5 cxd5 10. h3 Nc6 11. d4 e4 12. Nd2 Be6 13. a3 Rc8 14. b4 b5 15. Nb3 Nd7 16. Nc5 Nxc5 17. dxc5 Bh2 18. Rh1 Be5 19. O-O-O f5 20. f4 exf3 21. gxf3 Rc7 22. Rg1 Rd7 23. Ne2 Qf6 24. Nd4 Nxd4 25. Bxd4 f4 26. Qc3 Bxd4 27. exd4 Bf5 28. Bd3 Bxh3 29. Qc2 Bf5 30. Bxf5 Qxf5 31. Rde1 Qf7 32. Re5 Re7 33. Rge1 Rfe8 34. c6 Rxe5 35. Rxe5 Rc8 36. Qc5 Qg6 37. Qxd5+ Kh8 38. Qe6 Rxc6+ 39. Qxc6 Qxc6+ 40. Rc5 Qe8 41. Re5 Qd8 42. Kc2 h6 43. Kd3 Qa8 44. d5 Qd8 45. Ke4 g5 46. Re6 h5 47. Rxa6 Qd7 48. Ke5 h4 49. Re6 h3 50. d6 Qg7+ 51. Kf5 Qd7 52. Ke5 Kg8 53. Re7 Qd8 54. Ke6 h2 55. d7 Qxd7+ 56. Kxd7 h1=Q 57. Re8+ Kf7 58. Re7+ Kf6 59. Re6+ Kf5 0-1

[Event "Kragero Resort B 2020"]
[Site "Kragero"]
[Date "2020.02.22"]
[Round "7.10"]
[White "Loberg, Eivind"]
[Black "Aasen, Joakim"]
[Result "0-1"]
[ECO "D00"]
[WhiteElo "1420"]
[BlackElo "1745"]
[Annotator "NA"]
[PlyCount "120"]
[EventDate "2020.02.19"]
[EventType "swiss"]
[EventCountry "NOR"]
[SourceTitle "playchess.com"]
[Source "ChessBase"]
[SourceQuality "1"]
[TimeControl "5400+30"]

1. d4 Nf6 2. Bf4 d5 3. e3 c5 4. c3 Nc6 5. Nd2 Qb6 6. Qb3 c4 7. Qc2 e6 8. Ngf3 Be7 9. b3 cxb3 10. axb3 Bd7 11. h3 Rc8 12. Qd1 O-O 13. Bd3 Bd8 14. O-O Bc7 15. Ne5 Be8 16. Ndf3 Ne4 17. Qc2 f6 18. Bxe4 dxe4 19. Nc4 Qb5 20. Bxc7 exf3 21. Bg3 Bg6 22. Qd1 fxg2 23. Kxg2 Rfd8 24. Kg1 Qf5 25. Qg4 Qd5 26. Rfe1 Bh5 27. e4 Qxc4 28. bxc4 Bxg4 29. hxg4 b6 30. f4 Rd7 31. d5 exd5 32. cxd5 Na5 33. Re3 Kf8 34. Rd3 Rc5 35. Ra4 Rc4 36. Rxc4 Nxc4 37. Kf2 a5 38. Ke1 a4 39. Bf2 Nb2 40. Rd1 Nxd1 41. Kxd1 a3 42. Kc2 a2 43. Kb2 Ra7 44. Ka1 Ra4 45. Bxb6 Rxe4 46. Kxa2 Rxf4 47. Kb3 Ke7 48. c4 Kd6 49. Kb4 Rxg4 50. Kb5 h5 51. Bc5+ Kd7 52. Bb6 Rg5 53. Be3 h4 54. Bxg5 fxg5 55. Kb6 h3 56. c5 h2 57. c6+ Kc8 58. d6 h1=Q 59. d7+ Kd8 60. c7+ Kxd7 0-1

[Event "Kragero Resort B 2020"]
[Site "Kragero"]
[Date "2020.02.22"]
[Round "7.11"]
[White "Opseth, Oliver"]
[Black "Espeland, Jonatan"]
[Result "1-0"]
[ECO "B22"]
[WhiteElo "1894"]
[BlackElo "1737"]
[Annotator "NA"]
[PlyCount "47"]
[EventDate "2020.02.19"]
[EventType "swiss"]
[EventCountry "NOR"]
[SourceTitle "playchess.com"]
[Source "ChessBase"]
[SourceQuality "1"]
[TimeControl "5400+30"]

1. e4 c5 2. d4 cxd4 3. c3 Nf6 4. e5 Nd5 5. cxd4 e6 6. Nf3 d6 7. Be2 Be7 {[%emt 0:02:45] was the old line (7...Bd7). B22: Sicilian: 2 c3.} 8. O-O O-O 9. Nc3 Nxc3 10. bxc3 Qc7 {[%emt 0:00:23] [#]} 11. Qc2 $146 ({Predecessor:} 11. Qb3 Nc6 12. Bf4 dxe5 13. Nxe5 Nxe5 14. Bxe5 Bd6 15. Bxd6 Qxd6 16. Bf3 Rb8 17. Rab1 {1-0 (73) Spirkova,M (1293)-Croisille,S (1695) Bratislava 2019}) 11... Nc6 12. Ba3 dxe5 13. Bxe7 Qxe7 14. dxe5 Qc5 15. Qe4 Qxc3 $2 {[%emt 0:11:22] [#]} (15... Ne7 $11 {and Black has nothing to worry.}) 16. Ng5 $1 g6 17. Qh4 h5 {[%emt 0:00:17] [#]} 18. Bxh5 $1 gxh5 $2 (18... Kg7) 19. Qe4 f5 20. exf6 $1 Rxf6 21. Qh7+ {[%emt 0:00:04] Double Attack} Kf8 22. Qh8+ Ke7 23. Qg7+ Ke8 $18 24. Ne4 1-0

[Event "Kragero Resort B 2020"]
[Site "Kragero"]
[Date "2020.02.22"]
[Round "7.12"]
[White "Sekkingstad, Thomas"]
[Black "Olsen, William Alexander"]
[Result "1-0"]
[ECO "E32"]
[WhiteElo "1758"]
[BlackElo "1862"]
[Annotator "NA"]
[PlyCount "93"]
[EventDate "2020.02.19"]
[EventType "swiss"]
[EventCountry "NOR"]
[SourceTitle "playchess.com"]
[Source "ChessBase"]
[SourceQuality "1"]
[TimeControl "5400+30"]

1. d4 Nf6 2. c4 e6 3. Nc3 Bb4 4. Qc2 d5 5. Nf3 O-O 6. Bg5 c6 7. e3 Nbd7 8. Rc1 h6 9. Bh4 Qa5 10. a3 Bd6 11. Be2 dxc4 12. Bxc4 c5 13. O-O cxd4 14. Nb5 Bb8 15. b4 ({Much worse is} 15. exd4 $6 a6 $11) 15... Qd8 16. Nbxd4 a6 17. Rfd1 b5 {[%emt 0:04:19] [#]} (17... Qe8 $16) 18. Nc6 (18. Bxe6 $1 $18 fxe6 19. Nxe6 {[%mdl 64] Double Attack}) 18... Qb6 (18... Qe8 $16 {is a better defense.}) 19. Nxb8 $2 (19. Bxe6 $1 $18 fxe6 20. Bxf6 (20. Ne7+ Kf7 $16) 20... Nxf6 21. Ne7+ {[%mdl 64] Double Attack, Discovered Attack} Kf7 22. Nxc8) 19... Rxb8 20. Be2 Bb7 21. Nd4 Rbc8 22. Qb2 Bd5 23. Rxc8 Rxc8 24. Rc1 Qb7 25. Bf3 (25. f3 $11) 25... Ne4 26. Bg3 Nb6 $11 27. Bxe4 Bxe4 28. f3 Bd5 29. e4 Bc4 30. Bf2 Nd7 31. Nc2 f6 32. Ne3 Ne5 33. Nxc4 Nd3 34. Nd6 Rxc1+ 35. Qxc1 Qe7 36. Qc8+ Kh7 37. Nb7 Nxb4 38. axb4 Qxb4 39. Qc2 Qa3 40. h3 a5 41. e5+ f5 42. Nd6 Qa1+ 43. Kh2 Qxe5+ 44. Bg3 Qd5 45. Qb2 b4 46. Qe5 Qa2 47. Ne8 1-0

[Event "Kragero Resort B 2020"]
[Site "Kragero"]
[Date "2020.02.22"]
[Round "8.1"]
[White "Halvorsen, Benjamin"]
[Black "Austad, Eirik"]
[Result "0-1"]
[ECO "B07"]
[WhiteElo "1861"]
[BlackElo "1796"]
[Annotator "NA"]
[PlyCount "80"]
[EventDate "2020.02.19"]
[EventType "swiss"]
[EventCountry "NOR"]
[SourceTitle "playchess.com"]
[Source "ChessBase"]
[SourceQuality "1"]
[TimeControl "5400+30"]

1. e4 d6 2. d4 Nf6 3. Nc3 c6 4. Nge2 g6 5. g3 Bg7 6. Bg2 Nbd7 7. O-O e5 8. h3 O-O 9. Be3 exd4 10. Nxd4 Re8 11. f4 Qe7 12. Nb3 Nb6 13. Bd4 d5 14. Bxb6 axb6 15. exd5 cxd5 16. Nxd5 Nxd5 17. Qxd5 Bxb2 18. Rae1 Be6 19. Qd1 Qc7 20. Be4 Bxh3 21. Rf2 Be6 22. Rh2 Rad8 23. Bd3 Bc3 24. Rf1 Bxb3 25. axb3 Qc5+ 26. Kh1 Re3 27. Qg4 Qd5+ 28. Rg2 Be1 29. Kh2 Qd4 30. Rf3 Re5 31. Kh1 Rh5+ 32. Rh2 f5 33. Qxh5 gxh5 34. Rxh5 Rd6 35. Bxf5 h6 36. Rd3 Qf6 37. Re3 Bf2 38. Re8+ Kf7 39. Rc8 Qa1+ 40. Kg2 Qg1+ 0-1

[Event "Kragero Resort B 2020"]
[Site "Kragero"]
[Date "2020.02.22"]
[Round "8.2"]
[White "Westrum, Kim Roger Hansen"]
[Black "Leonhardsen, Vebjorn Maanum"]
[Result "1-0"]
[ECO "B11"]
[WhiteElo "1809"]
[BlackElo "1845"]
[Annotator "NA"]
[PlyCount "92"]
[EventDate "2020.02.19"]
[EventType "swiss"]
[EventCountry "NOR"]
[SourceTitle "playchess.com"]
[Source "ChessBase"]
[SourceQuality "1"]
[TimeControl "5400+30"]

1. e4 c6 2. Nf3 d5 3. Nc3 Bg4 4. h3 Bxf3 5. Qxf3 e6 6. d4 Nf6 7. exd5 cxd5 8. Bd3 Be7 9. Ne2 Nc6 10. c3 Qc7 11. O-O O-O 12. Bg5 a6 13. Nf4 b5 14. Rfe1 Rfb8 15. Bxf6 Bxf6 16. Nxe6 fxe6 17. Rxe6 Ne7 18. Rae1 Rf8 19. Rxe7 Bxe7 20. Qxd5+ Kh8 21. Qe4 g6 22. Qxe7 Qxe7 23. Rxe7 Rfe8 24. Rxe8+ Rxe8 25. Kf1 Kg7 26. f3 Kf6 27. Be4 a5 28. Ke2 Rc8 29. Kd3 Kg5 30. d5 Kf4 31. Kd4 Rc4+ 32. Kd3 Rc8 33. b3 Ke5 34. c4 bxc4+ 35. bxc4 Rc7 36. g3 Kd6 37. Kd4 Rc5 38. f4 Rc7 39. f5 gxf5 40. Bxf5 h6 41. g4 Rc5 42. h4 Rc7 43. a4 Rc5 44. g5 hxg5 45. hxg5 Rc7 46. g6 Ke7 1-0

[Event "Kragero Resort B 2020"]
[Site "Kragero"]
[Date "2020.02.22"]
[Round "8.3"]
[White "Seo, Jung Hyun"]
[Black "Rynning, Rune Kleiven"]
[Result "1-0"]
[ECO "B90"]
[WhiteElo "1816"]
[BlackElo "1625"]
[Annotator "NA"]
[PlyCount "51"]
[EventDate "2020.02.19"]
[EventType "swiss"]
[EventCountry "NOR"]
[SourceTitle "playchess.com"]
[Source "ChessBase"]
[SourceQuality "1"]
[TimeControl "5400+30"]

1. e4 c5 2. Nf3 d6 3. d4 cxd4 4. Nxd4 Nf6 5. Nc3 a6 6. f3 Qb6 7. Nb3 Nc6 8. Qe2 Qc7 9. Be3 b5 10. Qd2 Ne5 11. O-O-O Nc4 12. Bxc4 Qxc4 13. e5 b4 14. Na4 Nd7 15. exd6 exd6 16. Rhe1 f6 17. Bc5+ Kf7 18. Bxd6 Bxd6 19. Qxd6 Ne5 20. Rd4 Qc6 21. Qxc6 Nxc6 22. Rc4 Ne5 23. Rxb4 Bd7 24. Nac5 Rac8 25. Rb7 Rhd8 26. f4 1-0

[Event "Kragero Resort B 2020"]
[Site "Kragero"]
[Date "2020.02.22"]
[Round "8.4"]
[White "Strand, Amund Pihl"]
[Black "Hausken, Andreas Skrede"]
[Result "1/2-1/2"]
[ECO "A46"]
[WhiteElo "1806"]
[BlackElo "1856"]
[Annotator "NA"]
[PlyCount "136"]
[EventDate "2020.02.19"]
[EventType "swiss"]
[EventCountry "NOR"]
[SourceTitle "playchess.com"]
[Source "ChessBase"]
[SourceQuality "1"]
[TimeControl "5400+30"]

1. d4 Nf6 2. Nf3 e6 3. Bg5 c5 4. d5 exd5 5. e3 Be7 6. Nc3 h6 7. Bxf6 Bxf6 8. Qxd5 Bxc3+ 9. bxc3 Qe7 10. Ne5 Nc6 11. Nc4 O-O 12. Bd3 b6 13. Qf5 g6 14. Qd5 Rb8 15. Bxg6 Qf6 16. Bd3 Qxc3+ 17. Ke2 Re8 18. Rhd1 Bb7 19. Qxd7 Qg7 20. Qh3 Rbd8 21. Kf1 Nb4 22. Qg3 Ba6 23. Qxg7+ Kxg7 24. Nb2 Bxd3+ 25. cxd3 Re7 26. a3 Nc6 27. Rac1 Na5 28. Nc4 Nc6 29. Rd2 Red7 30. Rcd1 b5 31. Nb2 c4 32. Rc2 Ne5 33. d4 Ng4 34. h3 Nf6 35. Ra1 Nd5 36. Nd1 Rc7 37. Nc3 Nxc3 38. Rxc3 a5 39. Rac1 Rdc8 40. R3c2 Kf6 41. Ke2 Ke6 42. e4 f5 43. Ke3 fxe4 44. Kxe4 Kd6 45. Rb1 Rb8 46. Rc3 b4 47. axb4 axb4 48. Rg3 c3 49. Rg6+ Kd7 50. Rg7+ Kc6 51. Rxc7+ Kxc7 52. Kd3 Kd6 53. g4 Rf8 54. Rxb4 c2 55. Kxc2 Rxf2+ 56. Kd1 Kd5 57. Rb6 Kxd4 58. Rxh6 Ke5 59. Rh8 Rg2 60. Re8+ Kf4 61. Re2 Rg1+ 62. Kd2 Rh1 63. Re3 Ra1 64. Rd3 Rh1 65. Kc3 Rh2 66. Kd4 Re2 67. Kd5 Kg5 68. Rd4 Re3 1/2-1/2

[Event "Kragero Resort B 2020"]
[Site "Kragero"]
[Date "2020.02.22"]
[Round "8.5"]
[White "Aasen, Joakim"]
[Black "Skaslien, Ingrid"]
[Result "0-1"]
[ECO "D10"]
[WhiteElo "1745"]
[BlackElo "1847"]
[Annotator "NA"]
[PlyCount "145"]
[EventDate "2020.02.19"]
[EventType "swiss"]
[EventCountry "NOR"]
[SourceTitle "playchess.com"]
[Source "ChessBase"]
[SourceQuality "1"]
[TimeControl "5400+30"]

1. c4 c6 2. d4 d5 3. cxd5 cxd5 4. Bf4 Nc6 5. e3 e6 6. Nc3 Nf6 7. Bd3 Bd6 8. Bxd6 Qxd6 9. f4 a6 10. Nf3 O-O 11. O-O b5 12. Rc1 Bb7 13. Qe1 Ne7 14. h3 Ne4 15. g4 Rac8 16. Kh2 b4 17. Ne2 Rxc1 18. Nxc1 a5 19. Nd2 Ba6 20. Nxe4 dxe4 21. Bxa6 Qxa6 22. Nb3 Nd5 23. Rf2 Rc8 24. Qe2 Qd3 25. Nc5 Qxe3 26. Qxe3 Nxe3 27. Re2 Nc4 28. b3 Nd6 29. Kg3 Nb5 30. Nxe4 Nxd4 31. Rd2 Nb5 32. Kf3 Kf8 33. Ke3 Ke7 34. g5 Nc3 35. h4 Nd5+ 36. Kf3 Rc1 37. Rf2 g6 38. Kg3 f5 39. gxf6+ Nxf6 40. Nxf6 Kxf6 41. Re2 Rc3+ 42. Kg2 h5 43. Re5 Rc2+ 44. Kg1 Rxa2 45. Rb5 Ra3 46. Kg2 Rxb3 47. Rxa5 Rd3 48. Rb5 b3 49. Kf2 Rh3 50. Kg2 Rxh4 51. Kg3 Rg4+ 52. Kf3 g5 53. fxg5+ Rxg5 54. Rxb3 h4 55. Rb8 Kg7 56. Rb7+ Kh6 57. Rb8 Rg7 58. Rh8+ Kg5 59. Re8 Rg6 60. Rh8 Rh6 61. Rg8+ Kf5 62. Rf8+ Ke5 63. Ra8 h3 64. Ra5+ Kd4 65. Ra4+ Kc3 66. Ra1 h2 67. Rh1 Kd2 68. Kf2 e5 69. Kf3 Rh8 70. Ke4 Ke2 71. Kxe5 Kf2 72. Kf4 Kg2 73. Ra1 0-1